 Dungeon Crawl Stone Soup version 0.29.1-14-g9c671dbff4 (webtiles) character file.

Game seed: 3916852737201887182

3299 KyoPewz the Jinx (level 9, -2/34 (37) HPs)
             Began as a Felid Enchanter on Feb 17, 2023.
             Was an Elder of Zin.
             Shot with an arrow by a centaur (11 damage)
             ... on level 10 of the Dungeon.
             The game lasted 01:20:37 (17834 turns).

KyoPewz the Jinx (Felid Enchanter)                 Turns: 17834, Time: 01:20:38

HP:   -2/34 (37)    AC:  6    Str:  8    XL:     9   Next: 70%
MP:   17/19         EV: 19    Int: 20    God:    Zin [****..]
Gold: 213           SH:  5    Dex: 26    Spells: 1/20 levels left
                                        Lives: 0   Deaths: 3

rFire   . . .      SeeInvis +     - Unarmed
rCold   . . .      Faith    .   (shield unavailable)
rNeg    . . .      Spirit   .   (body armour unavailable)
rPois   ∞          Reflect  +   (helmet unavailable)
rElec   .          Harm     .   (cloak unavailable)
rCorr   .          Rampage  .   (gloves unavailable)
Will    +....                   (boots unavailable)
Stlth   +++++.....              d - amulet of reflection
HPRegen 0.11/turn               b - +4 ring of protection
MPRegen 0.16/turn               f - +6 ring of dexterity

@: lethally poisoned (-2 -> -2), vitalised, reciting, drained, quick
A: very small, claws 1, fangs 3, see invisible, speed 1, shaggy fur 2, stealthy
paws, no weapons or thrown items, no armour, multi-lived
a: Renounce Religion, Recite, Vitalisation, Imprison, Donate Gold


You were on level 10 of the Dungeon.
You worshipped Zin.
Zin was greatly pleased with you.
You visited 2 branches of the dungeon, and saw 11 of its levels.

You collected 643 gold pieces.
You spent 176 gold pieces at shops.
You donated 254 gold pieces to Zin.

Inventory:

Jewellery
 b - a +4 ring of protection (left paw)
 c - an amulet of guardian spirit
 d - an amulet of reflection (around neck)
 f - a +6 ring of dexterity (right paw)
 o - an amulet of faith
 v - an amulet of the acrobat
Wands
 q - a wand of iceblast (9)
 D - a wand of flame (22)
Scrolls
 g - 2 scrolls of poison
 h - a scroll of torment {unknown}
 i - a scroll of enchant armour {unknown}
 k - 2 scrolls of enchant weapon {unknown}
 m - 2 scrolls of blinking
 n - 3 scrolls of magic mapping
 s - a scroll of identify
 t - 3 scrolls of immolation
 u - a scroll of noise {unknown}
 w - 2 scrolls of vulnerability {unknown}
 y - 2 scrolls of amnesia {unknown}
 z - a scroll of summoning {unknown}
 A - a scroll of fear {unknown}
Potions
 a - 3 potions of invisibility
 e - 2 potions of mutation
 j - a potion of resistance
 l - 3 potions of ambrosia
 p - 2 potions of attraction
 r - 2 potions of heal wounds
 x - 2 potions of might {unknown}
 B - a potion of berserk rage {unknown}
 C - 2 potions of brilliance
 F - a potion of flight {unknown}
Miscellaneous
 G - a tin of tremorstones (2/2)


   Skills:
 + Level 3.0 Fighting
 - Level 3.2 Dodging
 + Level 10.2 Stealth
 - Level 5.0 Unarmed Combat
 - Level 6.0 Spellcasting
 - Level 3.0 Conjurations
 - Level 12.0 Hexes
 - Level 4.0 Translocations
 + Level 9.0 Ice Magic
 + Level 5.9 Invocations


You had one spell level left.
You knew the following spells:

 Your Spells              Type           Power      Damage    Failure   Level
a - Ensorcelled Hibernat  Hex/Ice        96%        N/A       1%          2
b - Tukima's Dance        Hex            52%        N/A       1%          3
c - Confusing Touch       Hex            52%        N/A       1%          3
d - Dazzling Flash        Conj/Hex       72%        N/A       1%          3
e - Blink                 Tloc           44%        N/A       3%          2
f - Ozocubu's Armour      Ice            42%        N/A       1%          3
g - Frozen Ramparts       Ice            84%        1d13      1%          3

Your spell library contained the following spells:

 Spells                   Type           Power      Damage    Failure   Level
 Magic Dart               Conj           72%        1d6       3%          1
 Necrotise                Necr           24%        1d5       11%         1
 Metabolic Englaciation   Hex/Ice        24%        N/A       3%          5
 Searing Ray              Conj           36%        2d5       4%          2
 Fulminant Prism          Conj/Hex       18%        3d11      4%          4
 Ice Form                 Ice/Tmut       24%        N/A       16%         4
 Summon Ice Beast         Ice/Summ       24%        N/A       16%         4
 Conjure Flame            Conj/Fire      12%        6-21      17%         3
 Stone Arrow              Conj/Erth      24%        3d8       17%         3
 Ignite Poison            Fire/Tmut/Pois 6%         N/A       30%         3
 Sticky Flame             Conj/Fire      12%        2d4       50%         4
 Manifold Assault         Tloc           22%        N/A       50%         5
 Ozocubu's Refrigeration  Ice            21%        4d12      91%         7
 Simulacrum               Ice/Necr       12%        N/A       94%         6
 Storm Form               Tmut/Air       3%         N/A       100%        7
 Lehudib's Crystal Spear  Conj/Erth      6%         10d3      100%        8
 Animate Armour           Summ/Erth      Unusable   N/A       N/A         4

Dungeon Overview and Level Annotations

Branches:
Dungeon (10/15)            Temple (1/1) D:6             Orc (0/2) D:10
   Lair: D:8-11

Altars:
Ashenzari
Cheibriados
Dithmenos
Elyvilon
Fedhas
Gozag
Hepliaklqana
Kikubaaqudgha
Makhleb
Nemelex Xobeh
Okawaru
Qazlal
Ru
Sif Muna
Trog
Uskayaw
Vehumet
Wu Jian
Xom
Yredelemnul
Zin
The Shining One

Shops:
D:3 (   D:8 ?   D:10 *

Annotations:
D:5 exclusion: door
D:6 1 runed translucent door, Crazy Yiuf
D:8 2 transporters, exclusion: downstairs


Innate Abilities, Weirdness & Mutations

You have sharp claws.
You have razor-sharp teeth.
You have supernaturally acute eyesight. (SInv)
You cover ground quickly. (Speed+)
You are covered in thick fur. (AC +2)
Your paws help you pounce on unaware monsters.
You are incapable of wielding weapons or throwing items.
You cannot wear armour.
You gain extra lives every three experience levels.


Message History

Your Fighting skill increases to level 3!
Your Ice Magic skill increases to level 9!
Things that are here:
a +0 short sword; 4 poisoned darts Level map cleared.
Remembered map restored.
Unknown command.
There is an open door here.
There is a stone staircase leading down here.
You climb downwards.
A centaur comes into view. It is wielding a +0 shortbow.
There is a stone staircase leading up here.
Things that are here:
a +0 dagger; 2 stones; a +0 dagger
Things that are here:
a +0 robe; a +0 dagger
Things that are here:
a curare-tipped dart; a +0 dagger The kobold shouts!
The centaur shouts!
The kobold brigand shouts!
The centaur shoots an arrow.
The arrow hits you!
The kobold brigand throws a poisoned dart.
The poisoned dart hits you!
You are poisoned.
The centaur shoots an arrow.
The arrow hits you!
* * * LOW HITPOINT WARNING * * *
Items here: ! ))).
Zin grants you divine stamina.
The centaur shoots an arrow.
The arrow misses you.
Okay, then.
Unknown command.
Press: ? - help, v - describe, . - travel
Here: a centaur, wielding a +0 shortbow The floor.
Activating: Recite (0% risk of failure)
Press: ? - help, Dir - look around, f - activate You clear your throat and prepare to recite. "What of the fetid masses?
Rebuked for their..."
The kobold brigand is dazed by your recitation.
The kobold brigand shouts!
The centaur shoots an arrow.
The arrow hits you!
You die...

#.................####.....#
..........................8###
.o. #..K..................#.
....##........K..............
......K......................
....$........#.#.##....>..#
...K.#......##.#####......#
... ##.##..c....# #..##.## .
#.##..K.@..####..# #
.......(#(..[<..##
.......####..[#.## ........#
#..#### .......... ##..#
......... ..## ......... #..#
##.. >..


You could see a kobold brigand (dazed), a centaur and a kobold.

Vanquished Creatures
  2 two-headed ogres
  Pikel (D:7)
  4 unseen horror zombies (D:9)
  2 kobold demonologists (D:9)
  Grinder (D:6)
  2 hornets
  Sigmund (D:6)
  3 wyverns
  A wraith (D:9)
  5 vampire mosquitoes
  Grum (D:9)
  3 steam dragons
  Edmund (D:5)
  Menkaure (D:6)
  A water moccasin (D:5)
  2 orc warriors (D:7)
  2 black bears
  An ice beast (D:7)
  3 centaurs
  An ogre (D:5)
  2 wolves (D:9)
  5 kobold brigands
  7 bullfrogs
  4 necrophages
  2 scorpions (D:6)
  14 wights
  13 killer bees
  An electric eel (D:8)
  4 howler monkeys
  3 centaur zombies (D:9)
  A hound (D:4)
  3 orc priests
  2 gnoll boudas
  4 jellies
  3 iguanas
  10 orc wizards
  A killer bee zombie (D:9)
  2 howler monkey zombies (D:9)
  3 gnolls (D:3)
  7 adders
  A white imp (D:6)
  An ufetubus (D:5)
  5 worms
  4 dart slugs
  21 orcs
  7 bats
  4 endoplasms
  3 giant cockroaches
  10 goblins
  3 hobgoblins
  2 jackals (D:3)
  6 ball pythons
  6 frilled lizards
  20 kobolds
  8 rats
230 creatures vanquished.

Vanquished Creatures (collateral kills)
  8 wights
  3 kobolds (D:8)
11 creatures vanquished.

Vanquished Creatures (others)
  10 dancing weapons
  15 plants
25 creatures vanquished.

Grand Total: 266 creatures vanquished

Notes
Turn   | Place    | Note
-------+----------+-------------------------------------------
     0 | D:1      | KyoPewz the Felid Enchanter began the quest for the Orb.
     0 | D:1      | Reached XP level 1. HP: 7/7 MP: 4/4
  1122 | D:1      | Reached XP level 2. HP: 11/11 MP: 6/6
  1125 | D:1      | Learned a level 2 spell: Ensorcelled Hibernation
  1617 | D:1      | Found a faded altar of an unknown god.
  1792 | D:1      | Reached XP level 3. HP: 14/14 MP: 7/7
  1922 | D:2      | Learned a level 3 spell: Tukima's Dance
  2288 | D:2      | Reached skill level 5 in Stealth
  2288 | D:2      | Reached skill level 1 in Ice Magic
  2288 | D:2      | Reached XP level 4. HP: 8/18 MP: 0/8
  3187 | D:3      | Found Zysew's Antique Weapon Shoppe.
  3593 | D:3      | Reached XP level 5. HP: 21/21 MP: 9/9
  3717 | D:3      | Found an ancient bone altar of Kikubaaqudgha.
  4443 | D:3      | Got Kikubaaqudgha's Papyrus of the Mausoleum
  4449 | D:3      | Found a radiant altar of Vehumet.
  4453 | D:3      | Gained mutation: You are covered in thick fur. (AC +2)
                  | [Felid growth]
  4453 | D:3      | Reached XP level 6. HP: 24/24 MP: 10/10
  4463 | D:3      | Found a shimmering blue altar of Sif Muna.
  5502 | D:4      | Reached XP level 7. HP: 27/27 MP: 11/11
  5744 | D:4      | Reached skill level 5 in Hexes
  5958 | D:4      | Found a sparkling altar of Nemelex Xobeh.
  6169 | D:4      | Found a snail-covered altar of Cheibriados.
  6259 | D:5      | Entered Level 5 of the Dungeon
  6266 | D:5      | Found a broken altar of Ashenzari.
  6305 | D:5      | Noticed Edmund
  6316 | D:5      | Killed Edmund
  6317 | D:5      | Reached skill level 5 in Unarmed Combat
  6317 | D:5      | Reached skill level 6 in Hexes
  6380 | D:5      | Reached skill level 7 in Hexes
  6387 | D:5      | Learned a level 3 spell: Confusing Touch
  6391 | D:5      | Learned a level 3 spell: Dazzling Flash
  6473 | D:5      | Reached skill level 1 in Conjurations
  6473 | D:5      | Reached XP level 8. HP: 23/31 MP: 6/13
  6595 | D:5      | Learned a level 2 spell: Blink
  6707 | D:5      | Reached skill level 8 in Hexes
  6823 | D:5      | Noticed a +0 spear
  6824 | D:5      | Noticed a +0 short sword
  6824 | D:5      | Noticed a +0 falchion
  6825 | D:5      | Noticed a +0 dagger
  6825 | D:5      | Noticed a +0 falchion
  6825 | D:5      | Noticed a +0 spear
  6825 | D:5      | Noticed a +0 short sword
  6826 | D:5      | Noticed a +0 dagger
  6827 | D:5      | Found a hide-covered altar of Uskayaw.
  6970 | D:6      | Noticed Sigmund
  6971 | D:6      | Killed Sigmund
  6997 | D:6      | Found a staircase to the Ecumenical Temple.
  6997 | D:6      | Noticed Grinder
  7013 | D:6      | Killed Grinder
  7014 | D:6      | Reached skill level 9 in Hexes
  7097 | Temple   | Entered the Ecumenical Temple
  7143 | Temple   | Became a worshipper of Zin the Law-Giver
  7143 | Temple   | Reached * piety under Zin
  7233 | D:6      | You fall into a shaft and drop 1 floor!
  7241 | D:7      | Reached ** piety under Zin
  7420 | D:6      | Noticed Menkaure
  7424 | D:6      | Killed Menkaure
  7425 | D:6      | Reached skill level 10 in Hexes
  7482 | D:6      | Found a runed translucent door.
  7483 | D:6      | Noticed Crazy Yiuf
  7679 | D:6      | Donated 190 gold pieces to Zin
  7686 | D:6      | Reached *** piety under Zin
  7753 | D:6      | Killed from afar by a white imp
  7754 | D:6      | Reached XP level 7. HP: 0/27 MP: 14/14
  7822 | D:6      | Reached XP level 8. HP: 31/31 MP: 15/15
  7850 | D:6      | Reached skill level 11 in Hexes
  8559 | D:7      | Reached skill level 5 in Spellcasting
  8569 | D:7      | Learned a level 3 spell: Ozocubu's Armour
  8684 | D:7      | Found a bloodstained altar of Trog.
  8685 | D:7      | Found a hazy altar of Hepliaklqana.
  8769 | D:7      | Reached skill level 1 in Translocations
  8918 | D:7      | Reached skill level 12 in Hexes
  8931 | D:7      | Reached XP level 9. HP: 12/34 MP: 11/18
  9430 | D:7      | Noticed Pikel
  9616 | D:7      | Killed Pikel
  9621 | D:7      | Learned a level 3 spell: Frozen Ramparts
  9878 | D:7      | Reached skill level 5 in Ice Magic
 11225 | D:8      | Found Javipsah's Magic Scroll Emporium.
 11234 | D:8      | Bought a scroll of identify for 32 gold pieces
 11234 | D:8      | Bought a scroll of teleportation for 48 gold pieces
 11234 | D:8      | Bought a scroll of identify for 32 gold pieces
 11234 | D:8      | Bought a scroll of immolation for 64 gold pieces
 11299 | D:9      | Noticed a two-headed ogre
 11469 | D:8      | Noticed a two-headed ogre
 11501 | D:8      | Killed a two-headed ogre
 11502 | D:8      | Reached XP level 10. HP: 35/37 MP: 5/20
 11521 | D:8      | Identified the +0 leather armour "Jietor" {Harm Stlth+}
                  | (You took it off a kobold on level 8 of the Dungeon)
 11787 | D:8      | Noticed a centaur warrior
 11788 | D:8      | Found a transporter.
 11789 | D:8      | Noticed a red ugly thing
 11791 | D:8      | Noticed a boulder beetle
 11800 | D:8      | Found a transporter.
 11800 | D:8      | Noticed a cyclops
 11801 | D:8      | Noticed a rakshasa
 12173 | D:8      | Reached **** piety under Zin
 12413 | D:9      | Found a shimmering altar of Xom.
 12518 | D:9      | Reached skill level 1 in Invocations
 12822 | D:9      | Found a basalt altar of Yredelemnul.
 13154 | D:9      | Reached ***** piety under Zin
 13215 | D:9      | Found an ornate altar of the Wu Jian Council.
 13228 | D:9      | Noticed Grum
 13249 | D:9      | Killed Grum
 13254 | D:9      | Reached skill level 5 in Invocations
 13300 | D:9      | Found a shadowy altar of Dithmenos.
 13478 | D:9      | Reached skill level 1 in Fighting
 13841 | D:9      | Killed a two-headed ogre
 13842 | D:9      | Reached XP level 11. HP: 43/43 MP: 0/21
 14432 | D:10     | Entered Level 10 of the Dungeon
 14873 | D:9      | Succumbed to a kobold brigand's curare-tipped dart
 14874 | D:9      | Reached XP level 10. HP: -2/40 MP: 20/20
 14888 | D:10     | Found Kachorr's Assorted Antiques.
 14927 | D:10     | Found a staircase to the Orcish Mines.
 15105 | D:10     | Noticed a soul eater
 15411 | D:9      | Found a shimmering altar of Xom.
 15438 | D:9      | Found a shadowy altar of Dithmenos.
 15763 | D:9      | Found a basalt altar of Yredelemnul.
 16342 | D:9      | Noticed a sun demon
 16344 | D:9      | Noticed a smoke demon
 16354 | D:9      | Slain by a sun demon
 16355 | D:9      | Reached XP level 9. HP: -2/37 MP: 7/19
 16389 | D:10     | Reached skill level 10 in Stealth
 17779 | D:9      | Found a shadowy altar of Dithmenos.
 17782 | D:9      | Killed a kobold demonologist
 17834 | D:10     | Shot with an arrow by a centaur

Illustrated notes

Levels and vault maps discovered:
D:1:      spicycebolla_arrival_xxxplode, layout_basic, serial_glass,
          glass_columns_c, glass_columns_b, glass_columns_b, glass_columns_a,
          glass_columns_b, hellmonk_ecumenical_altar_inner_sanctum,
          nicolae_wormholes
D:2:      layout_basic, kennysheep_cluttered_room
D:3:      layout_basic, palyth_temple_overflow_mages, serial_shops,
          nicolae_shop_waterfront, corexii_item_surrounded_by_moat,
          nicolae_grassy_gnolls
D:4:      layout_loops_ring, kennysheep_slug_shrine, kennysheep_mini
D:5:      layout_basic, nicolae_uskayaw_en_pointe, ashenzari_altar_1,
          uniq_edmund
D:6:      minmay_chambers_of_fours, layout_cave_pods,
          minmay_temple_entry_large_hall, uniq_sigmund, uniq_grinder,
          uniq_menkaure, uniq_crazy_yiuf_cottage
D:7:      layout_layer_cave, mainiacjoe_overflow_divided_tiny, lightli_minifort,
          uniq_pikel
D:8:      gammafunk_sealed_arena, layout_basic, serial_shops, shop,
          serial_bayou_crossing
D:9:      layout_basic, mainiacjoe_overflow_alcove_4,
          nicolae_yredelemnul_corpse_copse, nicolae_dithmenos_the_darkroom,
          xom_teletrap_fun, st_stairs_10, minivault_10, nicolae_two_hexagons,
          hangedman_decor_push, uniq_grum
D:10:     layout_cave_pools, lair_entry_dummy, orc_0_dummy, serial_shops,
          shop_statue
Temple:   kb_temple_of_zot

Skill      XL: |  1  2  3  4  5  6  7  8  9 10 11 |
---------------+----------------------------------+-----
Dodging        | 3 |  3.2
Stealth        | 5 6 7 8 10 9 | 10.2
Unarmed Combat | 2 3 4 5 |  5.0
Ice Magic      | 1 2 3 9 8 |  9.0
Hexes          | 7 12 | 12.0
Spellcasting   | 3 5 6 |  6.0
Conjurations   | 1 3 |  3.0
Translocations | 2 3 4 |  4.0
Invocations    | 5 |  5.9
Fighting       | 3 1 2 |  3.0

Action                   |  1- 3 |  4- 6 |  7- 9 | 10-12 || total
-------------------------+-------+-------+-------+-------++-------
Melee: Unarmed           |   107 |    75 |   254 |   234 ||   670
       Bite              |     7 |     3 |    32 |    25 ||    67
       Punch             |     2 |     2 |    10 |    17 ||    31
 Cast: Ensorcelled Hiber |    16 |    37 |    54 |    51 ||   158
       Tukima's Dance    |       |     3 |    27 |    12 ||    42
       Confusing Touch   |       |       |     6 |     6 ||    12
       Dazzling Flash    |       |       |     6 |       ||     6
       Frozen Ramparts   |       |       |     1 |     4 ||     5
       Blink             |       |       |     1 |     2 ||     3
       Ozocubu's Armour  |       |       |       |     4 ||     4
Invok: Recite            |       |       |     2 |       ||     2
       Donate Gold       |       |       |     1 |       ||     1
       Vitalisation      |       |       |     1 |     1 ||     2
  Use: Scroll            |       |     5 |     5 |     1 ||    11
       Potion            |       |       |       |     1 ||     1
 Stab: Sleeping          |    13 |    27 |    46 |    33 ||   119
       Distracted        |     1 |     3 |     1 |     2 ||     7
       Confused          |       |       |     4 |     6 ||    10
       Invisible         |       |       |     2 |       ||     2
Armor: Skin              |    20 |     5 |    32 |    34 ||    91
Dodge: Dodged            |    72 |    49 |   163 |   236 ||   520
Block: Other             |    10 |    17 |    38 |    66 ||   131
       Reflection        |       |       |     1 |       ||     1
